 Dungeon Crawl Stone Soup version 0.19.1-1-g22dce08 (webtiles) character file.

44 godfroggy the Sneak (level 3, 0/18 HPs)
             Began as a Vine Stalker Assassin on Jan 6, 2017.
             Slain by a worm (8 damage)
             ... on level 2 of the Dungeon.
             The game lasted 00:03:47 (1327 turns).

godfroggy the Sneak (Vine Stalker Assassin)         Turns: 1327, Time: 00:03:48

Health: 0/18       AC:  3    Str: 13    XL:     3   Next: 62%
Magic:  0/4        EV: 11    Int: 11    God:
Gold:   87         SH:  0    Dex: 16    Spells: 0 memorised, 2 levels left

rFire  . . .     SeeInvis .     a - +2 dagger
rCold  . . .     Gourm    .     c - +0 robe
rNeg   . . .     Faith    .     (no shield)
rPois  .         Spirit   +     (no helmet)
rElec  .         Reflect  .     d - +0 cloak
rCorr  .         Harm     .     (no gloves)
MR     .....                    (no boots)
Stlth  +++.......               (no amulet)
                                (no ring)
                                (no ring)

@: no status effects
A: fangs 2, magic shield, antimagic bite, no device heal 3, rot immunity
a: no special abilities


You were on level 2 of the Dungeon.
You were not hungry.

You visited 1 branch of the dungeon, and saw 2 of its levels.

You collected 87 gold pieces.

Inventory:

Hand Weapons
 a - a +2 dagger (weapon)
 b - a +0 blowgun
Missiles
 e - 8 poisoned needles
 f - 2 curare-tipped needles
Armour
 c - a +0 robe (worn)
 d - a +0 cloak (worn)
Scrolls
 i - a scroll of identify {unknown}
 j - a scroll of fog {unknown}
 l - a scroll of enchant weapon {unknown}
 m - a scroll of immolation {unknown}
 n - a scroll of remove curse {unknown}
Potions
 k - a potion of flight {unknown}
 o - 2 potions of curing {unknown}
Comestibles
 g - a bread ration
 h - a beef jerky


   Skills:
 - Level 1.7 Fighting
 + Level 3.5 Short Blades
 - Level 1.7 Throwing
 - Level 0.7 Dodging
 - Level 4.8 Stealth


You had 2 spell levels left.
You didn't know any spells.

Dungeon Overview and Level Annotations

Branches:
Dungeon (2/15)

Altars:
Fedhas


Innate Abilities, Weirdness & Mutations

You have extremely sharp teeth.
When hurt, damage is shared between your health and your magic reserves.
Your bite disrupts and absorbs the magic of your enemies.
Potions and wands cannot restore your health.
You are immune to rotting.


Message History

3 chunks of flesh; a goblin skeleton Eat one of 3 chunks of flesh? (ye/n/q)
You start eating one of the 3 chunks of flesh.
This raw flesh tastes terrible.
You hit the worm. You bite the worm. You drain its power.
The worm is lightly wounded.
You barely miss the worm. Your bite misses the worm.
The worm is lightly wounded.
You hit the worm.
The worm is moderately wounded.
You hit the worm. You bite the worm. You drain its power.
The worm is heavily wounded.
The worm bites you. The worm closely misses you.
You hit the worm but do no damage. You bite the worm. You drain its power.
You feel invigorated.
The worm is heavily wounded.
You hit the worm.
The worm is almost dead.
The worm bites you. The worm bites you!
You die...

#.....#..# #...... #.....####
#...... #####.....######
#...... ...............#
#...... ......#.#......###
########.... ...............'.#
#.....##.### ......#.#......#%#
###.###.##.#
...............#w###...#.#.##.#
#####.....######@w.#(#...#.##.#
#....$#..#..##.#.#.#.#.##.#
#..?..##.#..#..#.#.#.#.##†#
#.....##.#..#.##.#.#.#....#
#.....##.#.......#...########
#######..#....#####..........
#.##.##########.#########
#...............#
###.#############


You could see 2 worms.

Vanquished Creatures
  An ooze (D:2)
  A worm (D:2)
  A dart slug (D:2)
  A leopard gecko (D:1)
  5 bats (D:2)
  3 goblins (D:2)
  5 hobgoblins
  8 kobolds
  A quokka (D:1)
  A frilled lizard (D:1)
  4 rats
31 creatures vanquished.

Notes
Turn   | Place    | Note
-------+----------+-------------------------------------------
     0 | D:1      | godfroggy the Vine Stalker Assassin began the quest for the Orb.
     0 | D:1      | Reached XP level 1. HP: 11/11 MP: 2/2
   267 | D:1      | Reached XP level 2. HP: 15/15 MP: 3/3
   652 | D:2      | Reached XP level 3. HP: 17/18 MP: 4/4
   886 | D:2      | Found a blossoming altar of Fedhas.
  1327 | D:2      | Slain by a worm

Skill      XL: |  1  2 |
---------------+-------+-----
Short Blades   | 2 3 |  3.5
Fighting       | |  1.7
Throwing       | |  1.7
Dodging        | |  0.7
Stealth        | |  4.8

Action                   || total
-------------------------++-------
Melee: Dagger            ||    86
       Bite              ||    18
 Stab: Sleeping          ||    11
  Eat: Chunk             ||     1
Armor: Robe              ||    30
Dodge: Dodged            ||    31
